 Dungeon Crawl Stone Soup version 0.31-a0-182-gc5ef74bbde (webtiles) character file.

Game seed: 770529202525108498

1059 Maxmaps the Skirmisher (level 8, -3/52 (54) HPs)
             Began as a Demonspawn Hexslinger on June 20, 2023.
             Was an Initiate of Gozag.
             Shot with an arrow by a centaur (11 damage)
             ... on level 6 of the Dungeon.
             The game lasted 00:09:49 (6406 turns).

Maxmaps the Skirmisher (Demonspawn Hexslinger)      Turns: 6406, Time: 00:09:49

HP:   -3/52 (54)    AC:  7    Str:  8    XL:     8   Next: 6%
MP:   9/9           EV: 10    Int: 23    God:    Gozag
Gold: 193           SH:  0    Dex: 16    Spells: 8/9 levels left

rFire   . . .        a - +2 sling
rCold   . . .        (no shield)
rNeg    . . .        p - +0 scale mail
rPois   +            (no helmet)
rElec   .            o - +0 cloak
rCorr   .            (no gloves)
SInv    .            (no boots)
Will    .....        (no amulet)
Stlth   +            g - +6 ring of intelligence
HPRegen 0.28/turn    d - ring of poison resistance
MPRegen 0.22/turn

%: no passive effects
@: lightly drained
A: powered by death 2, magic regeneration, sturdy frame 2
a: Renounce Religion, Potion Petition, Call Merchant, Bribe Branch


You were on level 6 of the Dungeon.
You worshipped Gozag.
Gozag was aware of your devotion.
You visited 2 branches of the dungeon, and saw 7 of its levels.

You collected 294 gold pieces.
You spent 42 gold pieces at shops.
You paid 59 gold pieces to Gozag.

Inventory:

Hand Weapons
 a - a +2 sling (weapon)
Armour
 c - a +0 chain mail
 h - a +0 ring mail
 o - a +0 cloak (worn)
 p - a +0 scale mail (worn)
 t - a +0 leather armour
 v - the +1 ring mail of Patterns {Rampage}
   (You found it on level 5 of the Dungeon)

   Rampage:   It bestows one free step when moving towards enemies.
Jewellery
 d - a ring of poison resistance (right hand)
 g - a +6 ring of intelligence (left hand)
 k - a ring of positive energy
 w - a +6 ring of strength
Wands
 A - a wand of mindburst (6)
Scrolls
 b - 2 scrolls of poison
 e - 2 scrolls of identify
 f - a scroll of revelation
 i - 4 scrolls of fear
 j - a scroll of fog
 m - 3 scrolls of teleportation
 s - a scroll of amnesia
 x - a scroll of blinking
 y - a scroll of silence
Potions
 l - a potion of haste
 n - a potion of magic
 q - a potion of cancellation
 r - a potion of might
 u - a potion of curing
 z - a potion of mutation


   Skills:
 - Level 1.0 Fighting
 + Level 8.8 Ranged Weapons
 - Level 1.7 Dodging
 - Level 1.0 Spellcasting
 - Level 3.0 Hexes


You had 8 spell levels left.
You knew the following spells:

 Your Spells              Type           Power      Damage    Failure   Level
a - Slow                  Hex            56%        N/A       10%         1

Your spell library contained the following spells:

 Spells                   Type           Power      Damage    Failure   Level
 Tukima's Dance           Hex            14%        N/A       28%         3
 Inner Flame              Hex/Fire       8%         N/A       45%         3
 Portal Projectile        Hex/Tloc       16%        N/A       45%         3
 Cause Fear               Hex            7%         N/A       67%         4
 Blade Hands              Tmut           0%         N/A       100%        5


Dungeon Overview and Level Annotations

Branches:
Dungeon (6/15)             Temple (1/1) D:5

Altars:
Ashenzari
Cheibriados
Dithmenos
Fedhas
Gozag
Hepliaklqana
Kikubaaqudgha
Nemelex Xobeh
Okawaru
Qazlal
Ru
Trog
Uskayaw
Vehumet
Wu Jian
Xom
Yredelemnul

Shops:
D:3 ***[*   D:4 (


Innate Abilities, Weirdness & Mutations

You regenerate health from kills.
You regenerate magic rapidly.
Your movements are less encumbered by armour. (ER -4)


Message History

No target in view!
A centaur comes into view.
The centaur shouts!
The centaur wields a +0 orcbow.
The centaur shoots an arrow.
The arrow misses you.
You shoot a sling bullet.
The sling bullet barely misses the centaur.
The centaur shoots an arrow.
The arrow hits you!
The centaur shoots an arrow.
The arrow hits you!
You shoot a sling bullet. The sling bullet hits the centaur.
The centaur is moderately wounded.
The centaur shoots an arrow.
The arrow hits you!
You are too injured to fight recklessly!
You are too injured to fight recklessly!
You are too injured to fight recklessly!
Unknown command.
Fire: a) +2 sling
Press: ? - help, Shift-Dir - straight line, f/p - centaur
Aim: a centaur, wielding a +0 orcbow (moderately wounded, 74% to hit)
You shoot a sling bullet. The sling bullet hits the centaur.
The centaur is heavily wounded.
The centaur shoots an arrow.
The arrow hits you.
* * * LOW HITPOINT WARNING * * *
Fire: a) +2 sling
Press: ? - help, Shift-Dir - straight line, f/p - centaur
Aim: a centaur, wielding a +0 orcbow (heavily wounded, 74% to hit)
You shoot a sling bullet. The sling bullet hits the centaur.
The centaur is heavily wounded.
The centaur shoots an arrow.
The arrow hits you.
* * * LOW HITPOINT WARNING * * *
Fire: a) +2 sling
Press: ? - help, Shift-Dir - straight line, f/p - centaur
Aim: a centaur, wielding a +0 orcbow (heavily wounded, 74% to hit)
You shoot a sling bullet. The sling bullet hits the centaur.
The centaur is severely wounded.
The centaur shoots an arrow.
The arrow hits you!
* * * LOW HITPOINT WARNING * * *
You feel better.
The centaur shoots an arrow.
The arrow hits you!
You die...
Your body crumbles into a pile of gold.

###### #.# #.#
#### #c# #... #.#
#.## #.# #.# #.#
#.# #.# #.# #@#
#.# #.# #.# #.#
#.# #.# #.# #.#
#.# #.# #####.#
#.# #.....#
##.#########.#####
#............#


You could see a centaur.

Vanquished Creatures
  2 phantoms (D:5)
  5 scorpions
  A wight (D:5)
  A jelly (D:5)
  2 orc priests
  3 hounds
  2 iguanas
  Terence (D:3)
  2 orc wizards (D:3)
  A sleepcap (D:5)
  4 gnolls (D:3)
  10 adders
  A white imp (D:6)
  An ufetubus (D:5)
  2 dart slugs
  16 orcs
  3 ball pythons
  2 endoplasms
  4 giant cockroaches
  7 goblins
  5 hobgoblins
  5 jackals
  3 quokkas
  7 bats
  7 frilled lizards
  8 kobolds
  2 rats
107 creatures vanquished.

Notes
Turn   | Place    | Note
-------+----------+-------------------------------------------
     0 | D:1      | Maxmaps the Demonspawn Hexslinger began the quest for the
                  | Orb.
     0 | D:1      | Reached XP level 1. HP: 15/15 MP: 2/2
    16 | D:1      | Reached skill level 2 in Ranged Weapons
   126 | D:1      | Gained mutation: Your movements are slightly less
                  | encumbered by armour. (ER -2) [demonic ancestry]
   126 | D:1      | Reached XP level 2. HP: 21/21 MP: 3/3
   229 | D:1      | Reached skill level 3 in Ranged Weapons
   333 | D:1      | You fall into a shaft and drop 1 floor!
   420 | D:2      | Gained mutation: You regenerate a little health from kills.
                  | [demonic ancestry]
   420 | D:2      | Reached XP level 3. HP: 26/26 MP: 4/4
  1753 | D:3      | Found Wumupp's Antique Armour Shop.
  1787 | D:3      | Reached skill level 4 in Ranged Weapons
  1787 | D:3      | Gained mutation: Your movements are less encumbered by
                  | armour. (ER -4) [demonic ancestry]
  1787 | D:3      | Reached XP level 4. HP: 23/32 MP: 5/5
  2117 | D:3      | Found Goumik's Assorted Antiques.
  2375 | D:3      | Found a blossoming altar of Fedhas.
  2469 | D:3      | Noticed Terence
  2499 | D:3      | Killed Terence
  2541 | D:3      | Reached skill level 5 in Ranged Weapons
  2541 | D:3      | Gained mutation: You regenerate health from kills. [demonic
                  | ancestry]
  2541 | D:3      | Reached XP level 5. HP: 37/37 MP: 6/6
  2751 | D:3      | Found Qaig's Assorted Antiques.
  2812 | D:3      | Found Ramnuan's Assorted Antiques.
  3010 | D:3      | Found Jawk's General Store.
  3019 | D:3      | Bought a potion of curing for 42 gold pieces
  3431 | D:4      | Found Pysuin's Weapon Shop.
  3951 | D:5      | Entered Level 5 of the Dungeon
  3952 | D:5      | Noticed a phantom
  3964 | D:5      | Killed a phantom
  3965 | D:5      | Reached skill level 6 in Ranged Weapons
  3965 | D:5      | Reached XP level 6. HP: 37/43 MP: 7/7
  3980 | D:5      | Identified the +1 ring mail of Patterns {Rampage}
  4442 | D:5      | Reached skill level 7 in Ranged Weapons
  4442 | D:5      | Gained mutation: You regenerate magic rapidly. [demonic
                  | ancestry]
  4442 | D:5      | Reached XP level 7. HP: 11/48 MP: 8/8
  5048 | D:5      | Reached skill level 8 in Ranged Weapons
  5127 | D:5      | Found a shadowy altar of Dithmenos.
  5140 | D:5      | Found a shimmering altar of Xom.
  5144 | D:5      | Found a broken altar of Ashenzari.
  5146 | D:5      | Found a hide-covered altar of Uskayaw.
  5187 | D:5      | Found a staircase to the Ecumenical Temple.
  5408 | Temple   | Entered the Ecumenical Temple
  5559 | Temple   | Became a worshipper of Gozag Ym Sagoz the Greedy
  5767 | D:6      | Reached XP level 8. HP: 54/54 MP: 9/9
  6405 | D:6      | HP: 1/52 [centaur/arrow (8)]
  6406 | D:6      | Shot with an arrow by a centaur

Illustrated notes

Levels and vault maps discovered:
D:1:      wander_arrival_chamber, layout_loops_ring, serial_rivers,
          chequers_serial_rivers_room_b, chequers_serial_rivers_small_3,
          chequers_serial_rivers_small_b, chequers_serial_rivers_room_b
D:2:      layout_loops_cross
D:3:      layout_loops_cross, fedhas_altar_2, serial_shops, shop, shop,
          nicolae_shop_overgrown_old_shop, nicolae_shop_overgrown_old_shop,
          nicolae_lakefront_shop, uniq_terence
D:4:      layout_basic, serial_shops, nicolae_shop_crystal
D:5:      old_forge, layout_loops_ring, elyvilon_altar_3, minitemple,
          minmay_temple_entry_poolview
D:6:      layout_basic, led_sif_book, uniq_eustachio
Temple:   hellmonk_temple_flake

Skill      XL: |  1  2  3  4  5  6  7 |
---------------+----------------------+-----
Ranged Weapons | 2 3 4 5 6 7 8 |  8.8
Fighting       | |  1.0
Dodging        | |  1.7
Spellcasting   | |  1.0
Hexes          | |  3.0

Action                     |  1- 3 |  4- 6 |  7- 9 || total
---------------------------+-------+-------+-------++-------
  Melee: Sling             |       |     1 |       ||     1
   Fire: Sling             |   132 |   265 |   135 ||   532
   Cast: Slow              |       |     3 |     5 ||     8
    Use: Potion            |       |     5 |     1 ||     6
         Scroll            |       |    13 |     3 ||    16
 Armour: Robe              |    21 |       |       ||    21
         Leather armour    |       |    13 |       ||    13
         Scale mail        |       |    29 |    48 ||    77
         Skin              |       |    13 |     6 ||    19
  Dodge: Dodged            |    51 |    82 |    53 ||   186

Table legend: (Time is in decaauts)
 A = Elapsed time spent in this place.
 B = Non-inter-level travel time spent in this place.
 C = Inter-level travel time spent in this place.
 D = Time resting spent in this place.
 E = Time spent auto-exploring this place.
 F = Levels seen in this place.
 G = Mean time per level.
                   A        B        C        D        E       F      G
               +--------+--------+--------+--------+--------+-----+--------+
         Total |   6507 |   6126 |    381 |   1215 |   3822 |   7 |  929.6 |
       Dungeon |   6346 |   5985 |    361 |   1215 |   3695 |   6 | 1057.7 |
        Temple |    160 |    141 |     19 |      0 |    127 |   1 |  160.0 |
               +--------+--------+--------+--------+--------+-----+--------+

Top non-repeatable levels by time:
     D:5: 1857 daAuts
     D:3: 1254 daAuts
     D:2: 1097 daAuts
     D:1: 894 daAuts
     D:4: 767 daAuts
     D:6: 475 daAuts
  Temple: 160 daAuts
